 Dungeon Sprint DCSS version 0.31-a0-986-g5e6e4ef867 (webtiles) character file.

Game seed: 17561175741747525954

23192 sircluck the Brawler (level 12, -3/214 HPs)
             Began as a Troll Berserker on Nov 14, 2023.
             Was a High Priest of Trog.
             Slain by a spriggan defender
             ... wielding a +2 rapier of venom
              (18 damage)
             ... in the Dungeon (Sprint IV: "Fedhas' Mad Dash").
             The game lasted 00:11:19 (3125 turns).

sircluck the Brawler (Troll Berserker)              Turns: 3125, Time: 00:11:19

Health: -3/214     AC:  5    Str: 32    XL:     12   Next: 69%
Magic:  11/11      EV: 16    Int:  3    God:    Trog [*****.]
Gold:   16         SH:  0    Dex: 13    Spells: 11/11 levels left

rFire   . .          .
                       - Unarmed
rCold   x . .        (no shield)
rNeg    . . .        a - +0 animal skin
rPois   +            (helmet restricted)
rElec   .            (no cloak)
rCorr   .            (gloves unavailable)
SInv    .            (boots unavailable)
Will    +....        g - amulet of Nyloarue {Faith rC- Will+ Dex+4} Stlth
                     k - ring of poison resistance
HPRegen 1.35/turn    (no ring)
MPRegen 0.12/turn

%: no teleportation, faith
@: berserking, lethally poisoned (-3 -> -11), very quick
A: large, unfitting armour, claws 3, regeneration 1, shaggy fur 1, tough skin 1
a: Renounce Religion, Berserk, Trog's Hand, Brothers in Arms


You were in the Dungeon.
You worshipped Trog.
Trog was extremely pleased with you.
You visited 1 branch You collected 417 gold pieces.
You spent 401 gold pieces at shops.

Inventory:

Armour
 a - a +0 animal skin (worn)
Jewellery
 g - the amulet of Nyloarue (around neck) {Faith rC- Will+ Dex+4}
   (You found it in the Dungeon)

   [amulet of faith]

   Faith:     It allows you to gain divine favour quickly.
   Dex+4:     It affects your dexterity (+4).
   rC-:       It makes you vulnerable to cold.
   Will+:     It increases your willpower.
 i - the amulet of invisibility {+Inv}
   (You found it in the Dungeon)

   [amulet of nothing]

   +Inv:      It lets you turn invisible.
 k - a ring of poison resistance (left claw)
Wands
 j - a wand of paralysis (6)
 l - a wand of digging (4)
Scrolls
 h - a scroll of identify
 m - a scroll of fog
 n - a scroll of blinking
Potions
 b - a potion of curing
 c - a potion of heal wounds
 d - a potion of haste
 e - 3 potions of magic
 f - a potion of berserk rage


   Skills:
 + Level 15.4 Fighting
 + Level 11.9 Armour
 + Level 15.3 Dodging
 + Level 18.0 Unarmed Combat


You had 11 spell levels left.
You didn't know any spells.
Your spell library was empty.

Dungeon Overview and Level Annotations

Branches:
Dungeon (1/1)

Altars:
Cheibriados
Dithmenos
Elyvilon
Gozag
Hepliaklqana
Kikubaaqudgha
Makhleb
Nemelex Xobeh
Okawaru
Qazlal
Ru
Sif Muna
Trog
Uskayaw
Vehumet
Wu Jian
Xom
Yredelemnul
Zin
The Shining One
Jiyva
Lugonu

Shops:
D ?:?[[*((*?!(*(:*(:[=[


Innate Abilities, Weirdness & Mutations

You are too large for most types of armour.
You have claws for hands.
Your natural rate of healing is unusually fast.
You are covered in fur. (AC +1)
You have tough skin. (AC +1)


Message History

You feel very sick.
The spriggan defender closely misses you.
You closely miss the spriggan defender.
The spriggan defender is severely wounded.
You feel very sick.
The spriggan defender hits you with a +2 rapier of venom!
* * * LOW HITPOINT WARNING * * *
A red film seems to cover your vision as you go berserk!
You feel yourself moving faster!
You feel mighty!
You feel very sick.
The spriggan defender hits you with a +2 rapier of venom.
* * * LOW HITPOINT WARNING * * *
The spriggan defender blocks your attack.
The spriggan defender is severely wounded.
You feel sick.
The spriggan defender hits you with a +2 rapier of venom!
* * * LOW HITPOINT WARNING * * *
You are more poisoned.
The spriggan defender blocks your attack.
Your claw misses the spriggan defender.
The spriggan defender is severely wounded.
You feel very sick.
The spriggan defender hits you with a +2 rapier of venom!
* * * LOW HITPOINT WARNING * * *
You closely miss the spriggan defender.
The spriggan defender is severely wounded.
You feel sick.
You miss the spriggan defender.
The spriggan defender is severely wounded.
You feel very sick.
The spriggan defender completely misses you.
You miss the spriggan defender. Your claw misses the spriggan defender.
The spriggan defender is heavily wounded.
You feel sick.
The spriggan defender barely misses you.
The spriggan defender blocks your attack.
The spriggan defender is heavily wounded.
You feel sick.
The spriggan defender hits you with a +2 rapier of venom!!
You die...

.).....P..###....'...)....)##...P
##.P....#####....#####P....'....)
####...######....# ############
####....####.....#####∩∩∩#.......
####.............'....∩.∩'.).....
#.......).....#####∩∩∩#.......
***##############################
,,,,*..♣..♣..♣..♣..♣..♣..♣..♣..♣.
,,,,,..........i@..).............
,,,,*..♣..♣..♣..♣..♣..♣..♣..♣..♣.
+******#**#######################
,,* ******,,,,,*****,,,,***
,,*********,,,,,,,,,,,,,,,,,,,,,,
,,,,,,,,,,,,,,,,,,,,,,,,,,,,,,,,,
,,,,,,,,,,,,,,,,,,,,,,,,,,,,,,,,,
,,,,,,,,,,,******,,,,,****,,,,***
,,,,,,,,,,,* ******* ******


You could see a spriggan defender.

Vanquished Creatures
  A ghost moth (D)
  3 spriggan defenders (D)
  2 spriggan berserkers (D)
  3 demonic crawlers (D)
  2 spriggan druids (D)
  11 oklob plants (D)
  2 moths of wrath (D)
  3 burning bushes (D)
  A queen bee (D)
  8 hornets (D)
  2 wandering mushrooms (D)
  4 scorpions (D)
  4 killer bees (D)
  5 oklob saplings (D)
  7 spriggans (D)
  A river rat (D)
  A rat (D)
  A ballistomycete spore (D)
61 creatures vanquished.

Vanquished Creatures (collateral kills)
  Agnes (D)
  A spriggan berserker (D)
  A spriggan druid (D)
  12 oklob plants (D)
  2 spriggans (D)
17 creatures vanquished.

Vanquished Creatures (others)
  A wandering mushroom (D)
  A ballistomycete spore (D)
2 creatures vanquished.

Grand Total: 80 creatures vanquished

Notes
Turn   | Place    | Note
-------+----------+-------------------------------------------
     0 | D        | sircluck the Troll Berserker began the quest for the Orb.
     0 | D        | Reached XP level 1. HP: 22/22 MP: 0/0
    12 | D        | Reached XP level 2. HP: 29/31 MP: 1/1
    19 | D        | Noticed an oklob sapling
    23 | D        | Killed an oklob sapling
    23 | D        | Reached ** piety under Trog
    24 | D        | Reached skill level 4 in Unarmed Combat
    24 | D        | Reached XP level 3. HP: 39/39 MP: 2/2
    25 | D        | Noticed a scorpion
    25 | D        | Found the amulet of invisibility {+Inv}
    29 | D        | Killed a scorpion
    30 | D        | Reached skill level 5 in Unarmed Combat
    30 | D        | Reached XP level 4. HP: 26/49 MP: 3/3
    83 | D        | Reached skill level 5 in Fighting
    83 | D        | Reached skill level 5 in Dodging
    83 | D        | Reached skill level 6 in Unarmed Combat
    99 | D        | Found an opulent altar of Gozag.
    99 | D        | Found a hazy altar of Hepliaklqana.
    99 | D        | Found a burning altar of Makhleb.
    99 | D        | Found a sparkling altar of Nemelex Xobeh.
    99 | D        | Found a snail-covered altar of Cheibriados.
    99 | D        | Found a sacrificial altar of Ru.
    99 | D        | Found a shimmering blue altar of Sif Muna.
    99 | D        | Found a shimmering altar of Xom.
    99 | D        | Found a basalt altar of Yredelemnul.
   100 | D        | Found a viscous altar of Jiyva.
   100 | D        | Found a bloodstained altar of Trog.
   100 | D        | Found an ornate altar of the Wu Jian Council.
   101 | D        | Found an iron altar of Okawaru.
   101 | D        | Found a shadowy altar of Dithmenos.
   101 | D        | Found a glowing silver altar of Zin.
   102 | D        | Found a hide-covered altar of Uskayaw.
   102 | D        | Found an ancient bone altar of Kikubaaqudgha.
   103 | D        | Found a glowing golden altar of the Shining One.
   103 | D        | Found a stormy altar of Qazlal.
   103 | D        | Found a white marble altar of Elyvilon.
   144 | D        | Found a corrupted altar of Lugonu.
   144 | D        | Found a radiant altar of Vehumet.
   150 | D        | Reached XP level 5. HP: 59/59 MP: 4/4
   161 | D        | Reached *** piety under Trog
   162 | D        | Reached skill level 7 in Unarmed Combat
   183 | D        | Reached XP level 6. HP: 68/68 MP: 5/5
   183 | D        | Reached **** piety under Trog
   184 | D        | Reached skill level 8 in Unarmed Combat
   198 | D        | Found Hido's Book Shop.
   198 | D        | Found Tigol's Antique Weapon Emporium.
   233 | D        | Noticed a burning bush
   233 | D        | Noticed a wandering mushroom
   395 | D        | Noticed a wandering mushroom
   412 | D        | Killed a wandering mushroom
   413 | D        | Reached skill level 9 in Unarmed Combat
   436 | D        | Killed a burning bush
   437 | D        | Reached XP level 7. HP: 70/81 MP: 6/6
   452 | D        | Found Wyangor's Antique Armour Emporium.
   452 | D        | Found Kiughik's Book Shoppe.
   496 | D        | Noticed a queen bee
   504 | D        | Reached skill level 10 in Unarmed Combat
   508 | D        | Reached ***** piety under Trog
   518 | D        | Killed a queen bee
   519 | D        | Reached XP level 8. HP: 92/92 MP: 7/7
   584 | D        | Noticed a burning bush
   589 | D        | Killed a burning bush
   590 | D        | Reached skill level 11 in Unarmed Combat
   609 | D        | Noticed an oklob plant
   616 | D        | Killed an oklob plant
   616 | D        | Received a gift from Trog
   617 | D        | Reached skill level 10 in Fighting
   639 | D        | Noticed a burning bush
   639 | D        | Noticed an oklob plant
   640 | D        | Noticed a wandering mushroom
   643 | D        | Killed a burning bush
   644 | D        | Reached skill level 10 in Dodging
   644 | D        | Reached skill level 12 in Unarmed Combat
   657 | D        | Reached skill level 1 in Armour
   657 | D        | Reached XP level 9. HP: 49/102 MP: 8/8
   713 | D        | Killed an oklob plant
   806 | D        | Noticed a spriggan druid
   810 | D        | Killed a spriggan druid
   846 | D        | Noticed an oklob plant conjurer
   931 | D        | Killed an oklob plant conjurer
   932 | D        | Reached skill level 13 in Unarmed Combat
   956 | D        | Noticed an oklob plant
   956 | D        | Noticed an oklob plant summoner
   961 | D        | Noticed an oklob plant shifter
   968 | D        | Killed an oklob plant
   973 | D        | Killed an oklob plant shifter
   974 | D        | Reached skill level 5 in Armour
   974 | D        | Reached XP level 10. HP: 100/114 MP: 9/9
   980 | D        | Killed an oklob plant summoner
   980 | D        | Received a gift from Trog
   980 | D        | Reached ****** piety under Trog
  1047 | D        | Noticed a demonic crawler
  1052 | D        | Killed a demonic crawler
  1090 | D        | Noticed a spriggan rider
  1096 | D        | Found Qeel's Jewellery Emporium.
  1102 | D        | Reached skill level 14 in Unarmed Combat
  1105 | D        | Found Gomiotuph's Antique Armour Shoppe.
  1159 | D        | Noticed Agnes
  1165 | D        | Killed Agnes
  1233 | D        | Found Ripahuledo's General Store.
  1233 | D        | Noticed a spriggan berserker
  1240 | D        | Killed a spriggan berserker
  1288 | D        | Found Qoinask's Antique Weapon Shoppe.
  1293 | D        | Noticed a spriggan defender
  1302 | D        | Killed a spriggan defender
  1303 | D        | Reached XP level 11. HP: 104/126 MP: 10/10
  1347 | D        | Noticed a spriggan rider
  1389 | D        | Reached skill level 15 in Unarmed Combat
  1550 | D        | Noticed a demonic crawler
  1551 | D        | Found Bam Qerov's Magic Scroll Shoppe.
  1551 | D        | Found Kaime's Book Boutique.
  1551 | D        | Found Ylymua's Magic Scroll Emporium.
  1560 | D        | Killed a demonic crawler
  1560 | D        | Received a gift from Trog
  1565 | D        | HP: 6/127 [poisoned by a hornet]
  1575 | D        | Killed a ghost moth
  1644 | D        | Bought a scroll of revelation for 82 gold pieces
  1654 | D        | Noticed an oklob plant shifter
  1654 | D        | Noticed an oklob plant meteorologist
  1691 | D        | Killed an oklob plant meteorologist
  1767 | D        | Killed an oklob plant shifter
  1767 | D        | Received a gift from Trog
  1785 | D        | Noticed a demonic crawler
  1785 | D        | Noticed a spriggan rider
  1797 | D        | Killed a demonic crawler
  1884 | D        | Found Ufio's Armour Shoppe.
  1884 | D        | Found Extakirph's General Store.
  1884 | D        | Found Afra's Antique Armour Shop.
  1884 | D        | Found Metoill's Weapon Emporium.
  1884 | D        | Found Jaseh's Antique Weapon Shoppe.
  1885 | D        | Found Niychoe's Magic Scroll Emporium.
  1885 | D        | Found Cyin's Distillery.
  1885 | D        | Found Deicoosk's Assorted Antiques.
  1967 | D        | Bought a spiked cloak for 237 gold pieces
  1967 | D        | Identified the +1 cloak of Caschone {rPois rC+ Dex-3} (You
                  | bought it in a shop in the Dungeon)
  1998 | D        | Identified the +3 quarterstaff "Xythrij" {heavy, SInv}
  2047 | D        | Noticed an oklob plant summoner
  2048 | D        | Found Dorriric's Antique Weapon Emporium.
  2049 | D        | Found Yheul's General Store.
  2057 | D        | Killed an oklob plant summoner
  2058 | D        | Reached skill level 16 in Unarmed Combat
  2140 | D        | Noticed an oklob plant demonologist
  2140 | D        | Noticed an oklob plant annihilator
  2141 | D        | Noticed a sixfirhy
  2141 | D        | Noticed a spriggan berserker
  2152 | D        | Killed a spriggan berserker
  2287 | D        | Killed an oklob plant annihilator
  2287 | D        | Received a gift from Trog
  2293 | D        | Killed an oklob plant demonologist
  2298 | D        | Identified the amulet of Nyloarue {Faith rC- Will+ Dex+4}
  2317 | D        | Identified the +6 arbalest "Axza" {elec, Will+ rCorr}
  2346 | D        | Noticed an oklob plant
  2346 | D        | Noticed an oklob plant
  2346 | D        | Noticed an oklob plant
  2346 | D        | Noticed an oklob plant
  2346 | D        | Noticed an oklob plant
  2346 | D        | Noticed an oklob plant
  2352 | D        | Killed an oklob plant
  2355 | D        | Killed an oklob plant
  2356 | D        | Reached skill level 10 in Armour
  2466 | D        | Noticed an oklob plant
  2471 | D        | Killed an oklob plant
  2476 | D        | Killed an oklob plant
  2479 | D        | Killed an oklob plant
  2480 | D        | Reached XP level 12. HP: 137/140 MP: 11/11
  2493 | D        | Received a gift from Trog
  2494 | D        | Reached skill level 17 in Unarmed Combat
  2580 | D        | Noticed a spriggan defender
  2580 | D        | Noticed a spriggan defender
  2591 | D        | Killed a spriggan defender
  2598 | D        | Killed a spriggan defender
  2599 | D        | Reached skill level 15 in Fighting
  2604 | D        | Reached skill level 15 in Dodging
  2720 | D        | Received a gift from Trog
  3001 | D        | Bought a scroll of blinking for 82 gold pieces
  3089 | D        | Reached skill level 18 in Unarmed Combat
  3106 | D        | Noticed a spriggan defender
  3125 | D        | Slain by a spriggan defender

Illustrated notes

Levels and vault maps discovered:
D:        dungeon_sprint_fedhas [sprint_temple]

Skill      XL: |  1  2  3  4  5  6  7  8  9 10 11 12 |
---------------+-------------------------------------+-----
Fighting       | 3 4 5 6 8 9 10 11 12 14 15 | 15.4
Dodging        | 3 4 5 6 8 9 10 11 12 14 15 | 15.3
Unarmed Combat | 4 5 6 7 9 10 12 13 14 16 18 | 18.0
Armour         | 1 5 7 10 11 | 11.9

Action                     |  1- 3 |  4- 6 |  7- 9 | 10-12 || total
---------------------------+-------+-------+-------+-------++-------
  Melee: Unarmed           |    14 |    27 |    45 |   148 ||   234
         Punch             |       |     1 |     8 |    15 ||    24
 Invoke: Berserk           |       |     1 |     1 |     7 ||     9
         Brothers in Arms  |       |       |     1 |    11 ||    12
Ability: Evoke Invisibilit |       |     1 |     1 |     2 ||     4
  Evoke: Wand              |       |       |       |     1 ||     1
    Use: Scroll            |       |       |     1 |     3 ||     4
         Potion            |       |       |       |     2 ||     2
   Stab: Invisible         |       |       |     2 |     3 ||     5
 Armour: Animal skin       |     8 |    19 |    30 |   121 ||   178
  Dodge: Dodged            |     6 |     9 |    14 |    63 ||    92

Table legend: (Time is in decaauts)
 A = Elapsed time spent in this place.
 B = Non-inter-level travel time spent in this place.
 C = Inter-level travel time spent in this place.
 D = Time resting spent in this place.
 E = Time spent auto-exploring this place.
 F = Levels seen in this place.
 G = Mean time per level.
                   A        B        C        D        E       F      G
               +--------+--------+--------+--------+--------+-----+--------+
         Total |   3149 |   2922 |    227 |   1523 |    366 |   1 | 3149.0 |
       Dungeon |   3149 |   2922 |    227 |   1523 |    366 |   1 | 3149.0 |
               +--------+--------+--------+--------+--------+-----+--------+

Top non-repeatable levels by time:
       D: 3149 daAuts
